 Dungeon Crawl Stone Soup version 0.23-a0-681-g26ad783 (webtiles) character file.

26 Lilu the Ducker (level 2, -1/17 HPs)
             Began as a Deep Elf Gladiator on Jan 10, 2019.
             Slain by a kobold
             ... wielding a +0 short sword
              (4 damage)
             ... on level 1 of the Dungeon.
             The game lasted 00:04:06 (606 turns).

Lilu the Ducker (Deep Elf Gladiator)                 Turns: 606, Time: 00:04:07

Health: -1/17      AC:  4    Str: 11    XL:     2   Next: 89%
Magic:  4/4        EV: 14    Int: 12    God:
Gold:   36         SH:  0    Dex: 16    Spells: 1/1 levels left

rFire    . . .     SeeInvis .   a - +0 quarterstaff
rCold    . . .     Gourm    .   (shield currently unavailable)
rNeg     . . .     Faith    .   b - +0 leather armour
rPois    .         Spirit   .   c - +0 helmet
rElec    .         Reflect  .   (no cloak)
rCorr    .         Harm     .   (no gloves)
MR       .....                  (no boots)
Stlth    +.........             (no amulet)
HPRegen  0.05/turn              (no ring)
MPRegen  0.09/turn              (no ring)

@: no status effects
A: no striking features
a: no special abilities


You were on level 1 of the Dungeon.
You were not hungry.

You visited 1 branch of the dungeon, and saw 1 of its levels.

You collected 36 gold pieces.

Inventory:

Hand Weapons
 a - a +0 quarterstaff (weapon)
Missiles
 d - 3 throwing nets (quivered)
 m - 53 stones
Armour
 b - a +0 leather armour (worn)
 c - a +0 helmet (worn)
 n - a +0 ring mail
Scrolls
 e - a scroll of remove curse {unknown}
 h - a scroll of identify {unknown}
 l - a scroll of teleportation {unknown}
Potions
 i - 2 potions of might {unknown}
 j - a potion of berserk rage {unknown}
 k - 2 potions of degeneration {unknown}
Comestibles
 f - 2 rations
 g - 7 chunks of flesh


   Skills:
 + Level 2.0 Fighting
 + Level 3.3 Staves
 - Level 2.2 Throwing
 + Level 4.1 Dodging


You had one spell level left.
You didn't know any spells.
Your spell library was empty.

Dungeon Overview and Level Annotations

Branches:
Dungeon (1/15)

Altars:


Message History

The kobold hits you but does no damage.
Things that are here:
a cursed -1 club; a hobgoblin skeleton You see here a rat skeleton.
Things that are here:
a cursed -1 club; a hobgoblin skeleton You miss the frilled lizard.
The frilled lizard bites you but does no damage.
The kobold hits you with a +0 short sword.
* * * LOW HITPOINT WARNING * * *
The frilled lizard misses you.
You sock the frilled lizard!
You kill the frilled lizard!
The kobold closely misses you.
You see here a rat skeleton.
The kobold hits you with a +0 short sword.
* * * LOW HITPOINT WARNING * * *
Some of the chunks of flesh in your inventory have rotted away.
The kobold hits you with a +0 short sword.
You die...

#....##........#..#####...
##..).#........#..........
###.##.#........#........#
#..
#..K##.#........#........###
..
.....#......................
. .....####K####...........#
.....####.#...K÷.........#
......l.l.#.#######......#
####...####.#..K@...###### #
#...# #.#.#####.# # #...#
#.#.##.##.# # #####
#K#.#.....# #.#K#...K.#
#.#.#.....# #.#.#.....#
########...#.....#
#................#


You could see a kobold.

Vanquished Creatures
  An ooze (D:1)
  A leopard gecko (D:1)
  3 bats (D:1)
  3 hobgoblins (D:1)
  2 frilled lizards (D:1)
  4 goblins (D:1)
  2 kobolds (D:1)
  7 rats (D:1)
23 creatures vanquished.

Notes
Turn   | Place    | Note
-------+----------+-------------------------------------------
     0 | D:1      | Lilu the Deep Elf Gladiator began the quest for the Orb.
     0 | D:1      | Reached XP level 1. HP: 12/12 MP: 3/3
   111 | D:1      | Reached XP level 2. HP: 17/17 MP: 4/4
   357 | D:1      | Reached skill level 4 in Dodging
   606 | D:1      | Slain by a kobold

Vault maps used:
D:1:      kilobyte_arrival_exit_the_forest, hangedman_decor_diamond_cutter

Skill      XL: |  1  2 |
---------------+-------+-----
Dodging        | 4 |  4.1
Fighting       | 2 |  2.0
Staves         | |  3.3
Throwing       | |  2.2

Action                   || total
-------------------------++-------
Melee: Quarterstaff      ||    51
Armor: Leather armour    ||    12
Dodge: Dodged            ||    31

Table legend:
 A = Non-vault XP
 B = Vault XP
 C = Vault XP percentage of total XP
 D = Non-vault monster count
 E = Vault monster count
 F = Vault count percentage of total count
                 A         B        C        D         E       F
            +---------+---------+-------+---------+---------+-------
      Total |      38 |       0 |   0.0 |      23 |       0 |   0.0
            +---------+---------+-------+---------+---------+-------
        D:1 |      38 |       0 |   0.0 |      23 |       0 |   0.0
            +---------+---------+-------+---------+---------+-------
